 Dungeon Crawl Stone Soup version 0.29-a0-1019-g84f7d21838 (webtiles) character file.

Game seed: 4383438226709732394

18 bladeefan the Chopper (level 2, -2/27 HPs)
             Began as a Hill Orc Monk on Aug 10, 2022.
             Frozen to death by an endoplasm (5 damage)
             ... on level 1 of the Dungeon.
             The game lasted 00:00:46 (438 turns).

bladeefan the Chopper (Hill Orc Monk)                Turns: 438, Time: 00:00:47

Health: -2/27      AC:  2    Str: 13    XL:     2   Next: 70%
Magic:  2/2        EV: 12    Int: 10    God:
Gold:   9          SH:  0    Dex: 13    Spells: 1/1 levels left

rFire   . . .      SeeInvis .   a - +0 hand axe
rCold   . . .      Faith    .   (no shield)
rNeg    . . .      Spirit   .   b - +0 robe
rPois   .          Reflect  .   (no helmet)
rElec   .          Harm     .   (no cloak)
rCorr   .          Rampage  .   (no gloves)
Will    .....                   (no boots)
Stlth   ++........              (no amulet)
HPRegen 0.09/turn               (no ring)
MPRegen 0.08/turn               (no ring)

@: no status effects
A: no striking features
a: no special abilities


You were on level 1 of the Dungeon.
You visited 1 branch of the dungeon, and saw 1 of its levels.

You collected 9 gold pieces.

Inventory:

Hand Weapons
 a - a +0 hand axe (weapon)
Armour
 b - a +0 robe (worn)


   Skills:
 + Level 3.9 Fighting
 + Level 4.3 Axes
 + Level 2.6 Dodging
 + Level 1.9 Stealth


You had one spell level left.
You didn't know any spells.
Your spell library was empty.

Dungeon Overview and Level Annotations

Branches:
Dungeon (1/15)

Altars:


Message History

There are monsters nearby!
There are monsters nearby!
The giant cockroach waves its antennae.
You hit the giant cockroach.
You kill the giant cockroach!
The endoplasm quivers.
Found a scroll labelled IRE SURI XOGI.
Found a golden potion.
The hobgoblin shouts!
You hit the hobgoblin. You hit the endoplasm but do no damage.
The hobgoblin hits you. The endoplasm freezes you.
You are frozen.
A hobgoblin comes into view.
The hobgoblin shouts!
You hit the hobgoblin. You hit the endoplasm. The endoplasm freezes you.
You are frozen.
The hobgoblin hits you.
* * * LOW HITPOINT WARNING * * *
The hobgoblin attacks as you move away! The hobgoblin misses you.
The endoplasm attacks as you move away! The endoplasm barely misses you.
The endoplasm attacks as you move away! The endoplasm closely misses you.
The hobgoblin attacks as you move away! The hobgoblin closely misses you.
The endoplasm jiggles.
The endoplasm attacks as you move away! The endoplasm barely misses you.
The endoplasm freezes you.
You are frozen.
* * * LOW HITPOINT WARNING * * *
You see here a +0 hand axe.
The endoplasm attacks as you move away! The endoplasm barely misses you.
The endoplasm attacks as you move away! The endoplasm barely misses you.
You see here a +0 club.
The endoplasm attacks as you move away! The endoplasm hits you.
* * * LOW HITPOINT WARNING * * *
The endoplasm jiggles.
A frilled lizard comes into view.
The frilled lizard hisses angrily.
The frilled lizard moves out of view.
The frilled lizard bites you.
* * * LOW HITPOINT WARNING * * *
You hit the frilled lizard.
You kill the frilled lizard!
You hit the endoplasm. The endoplasm freezes you.
You are frozen.
* * * LOW HITPOINT WARNING * * *
You completely miss the endoplasm. Your punch misses the endoplasm.
The endoplasm freezes you.
You are frozen.
You die...

................#
.......###g.....#
#......#.#....###
#..?...##.##..##
#........#.#...## ##
#.....#..##.##... #..
#.....##...#.#)..
#...########^...##.###
+...†@Jg...+..g...#..[
#...###....#......#..[
#.. #....#......#..(
#. #.gg.##.g.##.### #
#....##)..#.#...
#.÷..#..##.##...
#.......#.#...##
#.....##.##..##
#.....#(#....#


You could see an endoplasm and 2 hobgoblins.

Vanquished Creatures
  A dart slug (D:1)
  A ball python (D:1)
  An endoplasm (D:1)
  3 giant cockroaches (D:1)
  2 goblins (D:1)
  2 hobgoblins (D:1)
  A quokka (D:1)
  A bat (D:1)
  A frilled lizard (D:1)
  A kobold (D:1)
14 creatures vanquished.

Notes
Turn   | Place    | Note
-------+----------+-------------------------------------------
     0 | D:1      | bladeefan the Hill Orc Monk began the quest for the Orb.
     0 | D:1      | Reached XP level 1. HP: 19/19 MP: 1/1
   255 | D:1      | Reached XP level 2. HP: 26/27 MP: 2/2
   438 | D:1      | Frozen to death by an endoplasm

Illustrated notes

Levels and vault maps discovered:
D:1:      giann_wishing_wells, layout_basic, minmay_vboxes

Action                   || total
-------------------------++-------
Melee: Hand axe          ||    43
       Punch             ||     2
  Use: Potion            ||     1
Armor: Robe              ||    11
Dodge: Dodged            ||    33

Table legend: (Time is in decaauts)
 A = Elapsed time spent in this place.
 B = Non-inter-level travel time spent in this place.
 C = Inter-level travel time spent in this place.
 D = Time resting spent in this place.
 E = Time spent auto-exploring this place.
 F = Levels seen in this place.
 G = Mean time per level.
                   A        B        C        D        E       F      G
               +--------+--------+--------+--------+--------+-----+--------+
         Total |    441 |    441 |      0 |      0 |    320 |   1 |  441.0 |
       Dungeon |    441 |    441 |      0 |      0 |    320 |   1 |  441.0 |
               +--------+--------+--------+--------+--------+-----+--------+

Top non-repeatable levels by time:
     D:1: 441 daAuts
